 Dungeon Crawl Stone Soup version 0.20.0-9-g8272e65 (webtiles) character file.

137 Raukatau the Archer (level 5, -3/41 HPs)
             Began as a Centaur Hunter on June 3, 2017.
             Slain by a goblin
             ... wielding a +3 short sword
             ... led by Robin
              (8 damage)
             ... on level 2 of the Dungeon.
             The game lasted 00:19:19 (3049 turns).

Raukatau the Archer (Centaur Hunter)                Turns: 3049, Time: 00:19:22

Health: -3/41      AC:  4    Str: 13 (15) XL:     5   Next: 0%
Magic:  5/5        EV:  9    Int:  8 (10) God:
Gold:   136        SH:  0    Dex:  7 (10) Spells: 4/4 levels left

rFire    . . .     SeeInvis .   b - +1 short sword (venom)
rCold    . . .     Gourm    .   (no shield)
rNeg     . . .     Faith    .   c - +0 leather armour
rPois    .         Spirit   .   (no helmet)
rElec    .         Reflect  .   (no cloak)
rCorr    .         Harm     .   (no gloves)
MR       .....                  (no barding)
Stlth    ..........             (no amulet)
Regen    0.2/turn               (no ring)
MPRegen  0.1/turn               (no ring)

@: very quick
A: hooves 3, deformed body, speed 2, tough skin 3
a: no special abilities


You were on level 2 of the Dungeon.
You were not hungry.

You visited 1 branch of the dungeon, and saw 3 of its levels.

You collected 136 gold pieces.

Inventory:

Hand Weapons
 a - a +1 shortbow
 b - a +1 short sword of venom (weapon)
 k - a +0 spear
 p - a +0 hunting sling
Missiles
 d - 33 arrows
 h - 14 poisoned needles
 m - 40 sling bullets
Armour
 c - a +0 leather armour (worn)
 t - a cursed +0 ring mail
Jewellery
 j - a +2 amulet of reflection {unknown}
 u - a +2 ring of evasion {unknown}
Scrolls
 e - a scroll of recharging {unknown}
 q - a scroll of identify {unknown}
 r - a scroll of enchant armour {unknown}
Potions
 g - 2 potions of curing {unknown}
 l - a potion of degeneration
 o - 2 potions of invisibility {unknown}
 v - a potion of berserk rage {unknown}
 w - a potion of brilliance {unknown}
 x - a potion of mutation {unknown}
Comestibles
 f - 3 bread rations
 i - 10 chunks of flesh
 n - a meat ration
 s - 2 fruits


   Skills:
 - Level 2.0 Fighting
 + Level 8.3 Bows
 - Level 1.3 Dodging
 - Level 0.4 Stealth


You had 4 spell levels left.
You didn't know any spells.

Dungeon Overview and Level Annotations

Branches:
Dungeon (3/15)

Altars:
Cheibriados

Annotations:
D:3 Robin


Innate Abilities, Weirdness & Mutations

You have hooves in place of feet.
Armour fits poorly on your strangely shaped body.
You cover ground very quickly.
You have extremely tough skin. (AC +3)


Message History

You climb upwards.
There is a stone staircase leading down here.
You closely miss the goblin. Your kick misses the goblin.
The goblin hits you with a club.
The goblin hits you with an enchanted short sword!
The hobgoblin hits you. The goblin hits you.
* * * LOW HITPOINT WARNING * * *
You barely miss the goblin. Your kick misses the goblin.
The goblin hits you with an enchanted short sword.
* * * LOW HITPOINT WARNING * * *
The hobgoblin closely misses you. The goblin hits you with a club.
* * * LOW HITPOINT WARNING * * *
The goblin barely misses you.
It was a potion of degeneration.
There was something very wrong with that liquid.
You feel weakened.
You feel dopey.
You feel clumsy. The hobgoblin hits you.
* * * LOW HITPOINT WARNING * * *
The goblin hits you with an enchanted short sword!
You die...

#####.#.# #.# #.# #.# #..#
#####.#.###.####.####.####..#####
..............(....##.#........#.
##.##.#.###..###(#.##.#.#...##.#.
##..#.#.###.....(..[.............
)..............#.#.##[#.#...####.
##..#.##.##..#.#.#.##.#.#...####.
##..#.##.##..#.#g#...............
#..............g@#..#.#.#...####.
##..#.##.#.###.#gg..#.......####(
#...###..#..##...................
##..##.#.#.#.##..#..#.##.#..####.
....##.#.#.#.##..#.......#.......
....#.##.#.##.#..........).......
...##.##.#.##.####..##.###.#####.
.......'.'.'........##.# #..# #.
##.##.##.#)##.####..##.###..# #.


You could see a hobgoblin and 3 goblins.

Vanquished Creatures
  Terence (D:2)
  2 adders (D:2)
  An ooze (D:1)
  4 worms (D:2)
  2 dart slugs
  3 ball pythons (D:2)
  8 giant cockroaches
  14 goblins
  3 hobgoblins
  3 jackals (D:2)
  3 bats
  3 frilled lizards
  15 kobolds
  10 rats
72 creatures vanquished.

Notes
Turn   | Place    | Note
-------+----------+-------------------------------------------
     0 | D:1      | Raukatau the Centaur Hunter began the quest for the Orb.
     0 | D:1      | Reached XP level 1. HP: 17/17 MP: 1/1
   233 | D:1      | Reached XP level 2. HP: 24/24 MP: 2/2
   332 | D:1      | Reached skill level 6 in Bows
   762 | D:2      | Reached XP level 3. HP: 17/29 MP: 3/3
  1183 | D:2      | Reached skill level 7 in Bows
  1185 | D:2      | Found a snail-covered altar of Cheibriados.
  1546 | D:2      | Noticed Terence
  1563 | D:2      | Killed Terence
  1563 | D:2      | Reached XP level 4. HP: 36/36 MP: 4/4
  2378 | D:2      | Reached skill level 8 in Bows
  2853 | D:3      | Noticed Robin
  2947 | D:2      | Reached XP level 5. HP: 29/41 MP: 5/5
  3049 | D:2      | Slain by a goblin

Skill      XL: |  1  2  3  4 |
---------------+-------------+-----
Bows           | 6 7 8 |  8.3
Fighting       | |  2.0
Dodging        | |  1.3
Stealth        | |  0.4

Action                   |  1- 3 |  4- 6 || total
-------------------------+-------+-------++-------
Melee: Short sword       |    93 |    91 ||   184
       Kick              |    17 |    17 ||    34
 Fire: Shortbow          |    62 |    23 ||    85
  Use: Potion            |       |     1 ||     1
  Eat: Chunk             |     1 |     2 ||     3
       Royal jelly       |       |     1 ||     1
Armor: Leather armour    |    32 |    27 ||    59
Dodge: Dodged            |    50 |    59 ||   109
